 Dungeon Crawl Stone Soup version 0.28-a0-819-g6ef7baa362 (webtiles) character file.

Game seed: 11838747791682584805

73 jsc133 the Ruffian (level 4, -2/44 HPs)
             Began as a Troll Berserker on Nov 1, 2021.
             Was a Believer of Trog.
             Slain by a gnoll (6 damage)
             ... on level 4 of the Dungeon on Nov 8, 2021.
             The game lasted 00:08:24 (1747 turns).

jsc133 the Ruffian (Troll Berserker)                Turns: 1747, Time: 00:08:24

Health: -2/44      AC:  4    Str: 26    XL:     4   Next: 8%
Magic:  3/3        EV: 10    Int:  3    God:    Trog [**....]
Gold:   19         SH:  0    Dex:  9    Spells: 3/3 levels left

rFire   . . .      SeeInvis .     - Unarmed
rCold   . . .      Faith    .   (no shield)
rNeg    . . .      Spirit   .   a - +0 animal skin
rPois   .          Reflect  .   (helmet restricted)
rElec   .          Harm     .   (no cloak)
rCorr   .          Rampage  .   (gloves unavailable)
Will    .....                   (boots unavailable)
Stlth   +.........              (no amulet)
HPRegen 1.14/turn               (no ring)
MPRegen 0.08/turn               (no ring)

@: no status effects
A: large, unfitting armour, claws 3, regeneration 1, shaggy fur 1, tough skin 1
a: Renounce Religion, Berserk, Trog's Hand


You were on level 4 of the Dungeon.
You worshipped Trog.
Trog was pleased with you.
You visited 1 branch of the dungeon, and saw 4 of its levels.

You collected 19 gold pieces.

Inventory:

Hand Weapons
 e - a +0 dagger
Armour
 a - a +0 animal skin (worn)
Jewellery
 k - a ring of protection from cold
Scrolls
 b - a scroll of enchant armour {unknown}
 c - a scroll of fog {unknown}
 d - 2 scrolls of identify {unknown}
 f - a scroll of vulnerability {unknown}
Potions
 g - 2 potions of resistance {unknown}
 h - a potion of experience {unknown}
 i - a potion of might {unknown}
 j - a potion of flight {unknown}


   Skills:
 + Level 2.8 Fighting
 + Level 3.1 Dodging
 + Level 0.1 Stealth
 + Level 3.8 Unarmed Combat


You had 3 spell levels left.
You didn't know any spells.
Your spell library contained the following spells:

 Spells                   Type           Power      Damage    Failure   Level
 Iskenderun's Battlesphe  Conj           0%         2d6       100%        5
 Iron Shot                Conj/Erth      0%         9d1       100%        6
 Spellforged Servitor     Conj/Summ      0%         N/A       100%        7


Dungeon Overview and Level Annotations

Branches:
Dungeon (4/15)
 Temple: D:4-7

Altars:


Innate Abilities, Weirdness & Mutations

You are too large for most types of armour.
You have claws for hands.
Your natural rate of healing is unusually fast.
You are covered in fur. (AC +1)
You have tough skin. (AC +1)


Message History

You closely miss the gnoll.
The gnoll hits you with a +0 vorpal spear.
The gnoll hits you with a +0 whip.
You scratch the gnoll but do no damage.
A hound skeleton comes into view.
The gnoll barely misses you. The gnoll hits you with a +0 whip.
You barely miss the gnoll.
The gnoll hits you with a +0 vorpal spear.
The gnoll hits you with a +0 whip!
You barely miss the gnoll.
The gnoll hits you with a +0 vorpal spear.
The gnoll hits you with a +0 whip.
You scratch the gnoll.
The gnoll is lightly wounded.
The gnoll hits you with a +0 vorpal spear.
* * * LOW HITPOINT WARNING * * *
x2 The gnoll hits you with a +0 whip.
* * * LOW HITPOINT WARNING * * *
The gnoll hits you from afar with a +0 vorpal spear.
* * * LOW HITPOINT WARNING * * *
x2 The hound skeleton bites you but does no damage.
You barely miss the hound skeleton. The hound skeleton misses you.
The hound skeleton barely misses you.
You completely miss the hound skeleton.
The gnoll hits you from afar with a +0 vorpal spear.
* * * LOW HITPOINT WARNING * * *
x2 The hound skeleton misses you.
You barely miss the hound skeleton. The hound skeleton barely misses you.
The gnoll hits you but does no damage.
You closely miss the hound skeleton. The hound skeleton bites you.
* * * LOW HITPOINT WARNING * * *
The gnoll hits you but does no damage. The hound skeleton bites you.
* * * LOW HITPOINT WARNING * * *
The gnoll hits you with a +0 whip.
* * * LOW HITPOINT WARNING * * *
The gnoll closely misses you. The hound skeleton barely misses you.
The gnoll barely misses you.
The gnoll hits you from afar with a +0 vorpal spear.
You die...

...........#
...........#
#..##.(...##
##########.....######
.......<.#.....'....#
...............#....#
..#........#g..###..#
##########.g.######
#..Z@..# #......#
##..#..# #######


You could see 2 gnolls and a hound skeleton.

Vanquished Creatures
  An adder (D:3)
  A gnoll (D:4)
  A worm (D:3)
  A dart slug (D:3)
  4 ball pythons
  4 endoplasms
  A giant cockroach (D:3)
  5 goblins
  5 hobgoblins
  4 quokkas
  10 bats
  A frilled lizard (D:3)
  2 kobolds
  6 rats
46 creatures vanquished.

Notes
Turn   | Place    | Note
-------+----------+-------------------------------------------
     0 | D:1      | jsc133 the Troll Berserker began the quest for the Orb.
     0 | D:1      | Reached XP level 1. HP: 22/22 MP: 0/0
    77 | D:1      | You fall into a shaft and drop 1 floor!
   123 | D:1      | Found a faded altar of an unknown god.
   138 | D:1      | Reached XP level 2. HP: 29/29 MP: 1/1
   383 | D:1      | Upgraded the game from 0.28-a0-773-g130ae17fe5 to
                  | 0.28-a0-819-g6ef7baa362
   795 | D:2      | Reached XP level 3. HP: 36/36 MP: 2/2
  1287 | D:3      | Reached ** piety under Trog
  1727 | D:4      | Reached XP level 4. HP: 43/44 MP: 3/3
  1746 | D:4      | HP: 2/44 [gnoll (6)]
  1747 | D:4      | Slain by a gnoll

Illustrated notes

Levels and vault maps discovered:
D:1:      scummos_arrival_star, layout_rooms, shapermc_ecumenical_altar_venn
D:2:      layout_basic
D:3:      layout_loops_ring, small_statue_intersection, minmay_misc_feat_iff,
          corner_web_ring, uniq_crazy_yiuf_cottage, uniq_terence
D:4:      layout_gridville

Skill      XL: |  1  2  3 |
---------------+----------+-----
Dodging        | 3 |  3.1
Fighting       | |  2.8
Stealth        | |  0.1
Unarmed Combat | |  3.8

Action                   |  1- 3 |  4- 6 || total
-------------------------+-------+-------++-------
Melee: Unarmed           |    94 |     9 ||   103
       Punch             |     1 |       ||     1
Armor: Animal skin       |    51 |     3 ||    54
Dodge: Dodged            |    58 |     8 ||    66

Table legend: (Time is in decaauts)
 A = Elapsed time spent in this place.
 B = Non-inter-level travel time spent in this place.
 C = Inter-level travel time spent in this place.
 D = Time resting spent in this place.
 E = Time spent auto-exploring this place.
 F = Levels seen in this place.
 G = Mean time per level.
                   A        B        C        D        E       F      G
               +--------+--------+--------+--------+--------+-----+--------+
         Total |   1740 |   1740 |      0 |      0 |      0 |   4 |  435.0 |
       Dungeon |   1740 |   1740 |      0 |      0 |      0 |   4 |  435.0 |
               +--------+--------+--------+--------+--------+-----+--------+

Top non-repeatable levels by time:
     D:2: 748 daAuts
     D:1: 524 daAuts
     D:3: 405 daAuts
     D:4: 61 daAuts
